Map: Pylon LE

Players

KimChiLoVer - Winner!

  • Race: Terran Terran
  • League: Diamond
  • Spawn Location: 5:00

A.I. 1 (Elite)

  • Race: Zerg Zerg
  • Spawn Location: 11:00

VOD

Have the link to the VOD?

Description

Time

  • Played on: Sept. 1, 2025, 2:14 p.m.
  • Length: 10:14
Show
View Real Time Build Order
Export as new Build Order

KimChiLoVer Terran - Winner!

Build Orders: Reaper Expand 

Get SALT Encoding   

  12  0:00  SCV  
  13  0:13  SCV  
  14  0:17  Supply Depot  
  14  0:25  SCV  
  15  0:39  SCV  
  15  0:40  Barracks  
  16  0:44  Refinery  
  16  0:51  SCV  
  17  1:03  SCV  
  18  1:15  SCV  
  19  1:28  Reaper  
  19  1:29  Orbital Command  
  20  1:39  Command Center  
  20  1:52  Supply Depot  
  20  1:55  SCV  
  21  2:07  Marine  
  22  2:14  SCV  
  22  2:15  Factory  
  23  2:31  Barracks Reactor  
  23  2:35  SCV  
  24  2:45  Command Center  
  24  2:59  Barracks  
  24  3:16  SCV  
  24  3:17  Orbital Command  
  25  3:20  Barracks Tech Lab  
  25  3:23  Hellion  
  25  3:24  Hellion  
  29  3:28  SCV  
  29  3:34  Refinery  
  30  3:40  SCV  
  31  3:48  SCV  
  32  3:50  Stimpack, Marine  
  33  3:58  Orbital Command  
  33  4:00  SCV  
  34  4:05  Supply Depot, Factory Reactor  
  34  4:08  Marine x2  
  36  4:10  Starport  
  36  4:12  Marine  
  36  4:14  SCV  
  36  4:16  Refinery  
  38  4:19  SCV  
  38  4:24  Engineering Bay  
  39  4:25  Engineering Bay, Marine  
  39  4:26  SCV  
  39  4:30  SCV  
  42  4:32  SCV  
  42  4:35  Marine x2  
  45  4:38  SCV  
  45  4:43  Marine  
  47  4:46  SCV  
  47  4:50  SCV  
  47  4:51  SCV  
  50  4:57  Factory Tech Lab  
  50  4:59  Terran Infantry Weapons Level 1  
  50  5:00  Terran Infantry Armor Level 1  
  50  5:02  Medivac  
  50  5:03  SCV  
  53  5:07  Medivac  
  53  5:08  Marine x2  
  53  5:09  Marine  
  53  5:11  Orbital Command  
  59  5:15  Refinery, SCV  
  59  5:26  Marine x2  
  59  5:27  SCV  
  62  5:32  Marine  
  62  5:33  Combat Shield  
  66  5:35  Siege Tank  
  66  5:38  SCV, Supply Depot  
  66  5:39  SCV  
  66  5:40  Supply Depot  
  68  5:43  SCV  
  69  5:54  SCV, Marine  
  69  5:55  SCV  
  72  6:01  Barracks x2, Supply Depot  
  72  6:02  Barracks  
  72  6:03  SCV  
  73  6:06  SCV  
  66  6:21  SCV, Supply Depot  
  66  6:25  SCV x2  
  69  6:27  Starport Reactor  
  69  6:33  SCV  
  69  6:34  Barracks x2  
  69  6:37  SCV, Marine  
  69  6:38  Barracks  
  72  6:44  Siege Tank  
  72  6:45  SCV, Marine  
  72  6:46  Marine  
  78  6:49  Supply Depot  
  78  6:51  Supply Depot  
  78  6:54  Marine  
  78  6:55  SCV x2  
  78  6:57  SCV  
  78  6:58  Barracks Reactor x3  
  82  7:03  Marine x2  
  84  7:12  Marine  
  84  7:14  Medivac x2  
  89  7:16  Siege Tank  
  89  7:21  SCV, Marine x2  
  89  7:22  SCV x2  
  97  7:27  Supply Depot  
  97  7:28  Supply Depot, Marine x2  
  101  7:30  Marine  
  101  7:32  Barracks Reactor  
  101  7:33  SCV  
  101  7:34  SCV x2, Barracks Reactor  
  101  7:35  Marine x3  
  106  7:37  Marine x3  
  106  7:39  Marine x2  
  106  7:42  Supply Depot  
  111  7:44  Supply Depot  
  111  7:46  Marine x2  
  111  7:48  Marine  
  114  7:53  Siege Tank, Marine x3  
  114  7:55  Marine x3  
  114  7:57  Marine x2  
  125  8:04  Marine x2  
  127  8:06  Marine  
  127  8:10  Marine  
  127  8:11  Marine x2  
  131  8:13  Marine  
  112  8:20  Marine x8  
  112  8:21  Marine x2  
  112  8:24  Marine  
  123  8:28  Marine x3  
  123  8:30  Marine  
  123  8:32  Siege Tank  
  130  8:37  Marine  
  130  8:38  Marine x7  
  130  8:39  Marine x2  
  139  8:41  Marine  
  139  8:45  Medivac x2  
  139  8:46  Marine x3  
  147  8:48  Marine  
  147  8:49  Supply Depot  
  147  8:50  Supply Depot  
  148  8:55  Marine  
  148  8:56  Marine x7  
  148  8:57  Marine x2  
  158  9:15  Medivac x2  
  162  9:17  Marine  
  162  9:18  Marine x14  
  173  9:35  Marine  
  173  9:36  Marine x14  
  163  9:53  Marine  
  163  9:54  Marine x9  
Show
View Real Time Build Order
Export as new Build Order

A.I. 1 (Elite) Zerg 

Build Orders: Pool First 

Get SALT Encoding   

  12  0:00  Drone  
  13  0:12  Overlord  
  13  0:16  Drone  
  14  0:30  Drone x2  
  16  0:42  Spawning Pool  
  15  0:45  Drone  
  15  0:49  Drone  
  17  1:12  Drone, Hatchery  
  17  1:14  Extractor  
  17  1:16  Drone  
  17  1:20  Drone  
  18  1:27  Drone  
  19  1:38  Overlord  
  19  1:48  Queen  
  19  1:49  Drone  
  22  1:59  Zergling x2  
  23  2:10  Drone  
  24  2:21  Drone  
  25  2:24  Queen  
  25  2:25  Roach Warren  
  26  2:30  Drone  
  26  2:32  Extractor  
  26  2:37  Drone  
  27  2:41  Drone  
  27  2:42  Drone  
  29  2:47  Drone  
  30  2:53  Zergling x2  
  30  2:55  Zergling x2  
  32  2:58  Overlord  
  32  3:01  Drone  
  32  3:04  Drone  
  34  3:09  Roach  
  36  3:16  Roach  
  36  3:18  Roach  
  40  3:20  Roach  
  42  3:28  Lair  
  42  3:33  Overlord  
  42  3:38  Overlord  
  42  3:40  Zergling x2  
  43  3:43  Zergling x2  
  44  3:51  Drone x2, Zergling x2  
  44  3:53  Drone  
  48  3:56  Drone  
  48  3:58  Drone  
  50  4:03  Overlord  
  50  4:07  Roach  
  52  4:11  Roach  
  52  4:14  Roach  
  56  4:17  Roach  
  56  4:21  Overlord  
  58  4:27  Drone  
  58  4:29  Drone  
  58  4:31  Drone, Hydralisk Den  
  59  4:35  Roach  
  59  4:37  Roach  
  64  4:41  Overlord  
  64  4:59  Hydralisk  
  64  5:00  Hydralisk x3  
  64  5:01  Drone x2  
  64  5:03  Drone  
  64  5:06  Overlord  
  75  5:09  Drone  
  75  5:10  Drone  
  75  5:12  Drone  
  78  5:14  Drone  
  78  5:16  Drone  
  78  5:18  Drone  
  78  5:20  Drone  
  82  5:25  Overlord  
  82  5:28  Drone  
  83  5:34  Drone, Infestation Pit  
  83  5:36  Drone  
  83  5:37  Drone  
  85  5:46  Metabolic Boost  
  85  5:48  Evolution Chamber  
  85  5:49  Drone  
  85  5:57  Hatchery  
  85  5:58  Drone  
  85  6:10  Baneling Nest  
  79  6:12  Extractor, Infestor, Zergling x2, Drone  
  79  6:14  Drone, Evolution Chamber  
  79  6:15  Zerg Melee Weapons Level 1  
  82  6:19  Extractor  
  81  6:34  Drone x2  
  81  6:35  Drone  
  81  6:39  Zerg Missile Weapons Level 1  
  84  6:42  Drone x2, Infestor  
  84  6:43  Drone, Overlord  
  89  6:53  Baneling  
  89  6:54  Zergling x4, Baneling x2  
  91  7:06  Drone, Spine Crawler, Baneling  
  91  7:09  Drone x2  
  91  7:10  Drone x6, Spine Crawler  
  91  7:11  Drone x3  
  91  7:13  Drone x2, Overlord  
  103  7:17  Overseer  
  103  7:19  Drone  
  103  7:20  Drone  
  103  7:21  Extractor, Drone  
  103  7:22  Ravager  
  106  7:30  Drone  
  106  7:31  Ravager, Baneling x2, Overlord  
  106  7:32  Zergling x2  
  109  7:40  Extractor, Drone x2  
  109  7:41  Drone, Roach  
  109  7:42  Drone  
  114  7:44  Drone  
  114  7:45  Drone x2, Roach  
  118  7:51  Overlord  
  118  7:53  Drone  
  118  7:54  Infestor  
  121  8:02  Centrifugal Hooks, Zergling x2, Baneling x3  
  121  8:04  Zergling x2  
  121  8:05  Drone  
  123  8:09  Zerg Ground Armor Level 1  
  123  8:11  Spore Crawler  
  123  8:12  Drone, Zergling x2, Overlord  
  118  8:13  Zergling x2  
  118  8:14  Spore Crawler  
  118  8:15  Zergling x2  
  118  8:16  Drone, Zergling x2, Roach  
  118  8:17  Zergling x2  
  102  8:24  Roach  
  102  8:27  Roach x2  
  88  8:28  Baneling x2  
  88  8:33  Baneling x2  
  84  8:36  Ravager  
  84  8:37  Roach  
  84  8:38  Roach  
  85  8:43  Hydralisk  
  85  8:44  Drone  
  85  8:46  Roach  
  78  8:48  Hydralisk  
  78  8:50  Drone  
  78  8:52  Drone  
  78  8:53  Drone  
  78  8:55  Roach  
  82  9:00  Drone  
  82  9:01  Drone  
  75  9:11  Zergling x2  
  75  9:12  Zergling x2  
  75  9:15  Ravager x2  
  75  9:16  Zergling x4, Roach  
  81  9:21  Drone, Zergling x2, Roach  
  81  9:23  Zergling x2  
  81  9:24  Roach  
  58  9:39  Roach  
  58  9:45  Zergling x2  
  42  9:52  Zergling x2  
Tags
 
Add a new tag
Caveats
  • Supply blocks, unpowered buildings, or Contaminate may cause inaccurate times.
  • Supply counts are checked every 10 seconds.